 Dungeon Crawl Stone Soup version 0.31-a0-978-g1e143483b6 (webtiles) character file.

Game seed: 14560924072407614628

4711 timneilson the Ruffian (level 10, -1/68 HPs)
             Began as an Octopode Shapeshifter on Oct 30, 2023.
             Was an Initiate of Gozag.
             Slain by a gnoll
             ... wielding a +0 trident
              (8 damage)
             ... in a bailey.
             The game lasted 00:22:37 (9369 turns).

timneilson the Ruffian (Octopode Shapeshifter)      Turns: 9369, Time: 00:22:38

Health: -1/68      AC:  1    Str: 17    XL:     10   Next: 45%
Magic:  15/15      EV:  8    Int: 20    God:    Gozag
Gold:   832        SH:  0    Dex: 11    Spells: 11/16 levels left

rFire   . .          .
                       - Unarmed
rCold   . . .        (no shield)
rNeg    . . .        (helmet currently unavailable)
rPois   .            g - amulet of reflection
rElec   .            p - +6 ring of intelligence
rCorr   .            (no ring)
SInv    .            (no ring)
Will    .....        (no ring)
Stlth   +++++        (no ring)
HPRegen 0.31/turn    (no ring)
MPRegen 0.14/turn    (no ring)
                     (no ring)

%: reflection
@: beast-form, held, studying Ranged Weapons
A: beast (slay +3), almost no armour, amphibious, 8 rings, camouflage 1,
gelatinous body 1, nimble swimmer 1, tentacles
a: Begin Untransformation, Renounce Religion, Potion Petition, Call Merchant,
Bribe Branch


You were in a bailey.
You worshipped Gozag.
Gozag was pleased with you.
You were a hulking beast.
You visited 2 branches of the dungeon, and saw 9 of its levels.
You also visited: Bailey.

You collected 909 gold pieces.
You paid 77 gold pieces to Gozag.

Inventory:

Hand Weapons
 m - the +9 lance "Wyrmbane" {slay drac, rPois rF+ rC+ AC+3}
   (You took it off Maggie on level 7 of the Dungeon)

   AC+3:      It affects your AC (+3).
   rF+:       It protects you from fire.
   rC+:       It protects you from cold.
   rPois:     It protects you from poison
Missiles
 w - 8 throwing nets
Jewellery
 g - an amulet of reflection (around mantle)
 k - an amulet of guardian spirit
 p - a +6 ring of intelligence (left tentacle)
Talismans
 b - a beast talisman
 c - a flux talisman
 q - a serpent talisman
Wands
 i - a wand of iceblast (1)
 t - a wand of flame (17)
Scrolls
 e - a scroll of blinking
 h - 2 scrolls of enchant armour
 j - 3 scrolls of teleportation
 u - a scroll of vulnerability
 v - a scroll of identify
Potions
 a - 2 potions of lignification
 d - a potion of attraction
 f - 2 potions of mutation
 l - 4 potions of curing
 n - a potion of ambrosia {unknown}
 o - 2 potions of berserk rage {unknown}
 r - a potion of brilliance {unknown}
 s - a potion of haste {unknown}


   Skills:
 * Level 6.2 Fighting
 * Level 6.5 Dodging
 + Level 6.5 Stealth
 * Level 6.8 Unarmed Combat
 + Level 3.8 Spellcasting
 + Level 2.4 Translocations
 + Level 4.4 Evocations
 * Level 6.6 Shapeshifting


You had 11 spell levels left.
You knew the following spells:

 Your Spells              Type           Power      Damage    Failure   Level
a - Apportation           Tloc           26%        N/A       4%          1
b - Blink                 Tloc           26%        N/A       8%          2
c - Lesser Beckoning      Tloc           26%        N/A       8%          2

Your spell library contained the following spells:

 Spells                   Type           Power      Damage    Failure   Level
 Momentum Strike          Conj/Tloc      16%        3d8       12%         2
 Necrotise                Necr           12%        1d4       13%         1
 Summon Small Mammal      Summ           12%        N/A       13%         1
 Poisonous Vapours        Pois/Air       6%         N/A       21%         2
 Static Discharge         Conj/Air       6%         3-4/arc   21%         2
 Mephitic Cloud           Conj/Pois/Air  3%         N/A       36%         3
 Airstrike                Air            1%         2d(1-17)  78%         4
 Summon Lightning Spire   Summ/Air       3%         N/A       78%         4
 Freezing Cloud           Conj/Ice/Air   1%         6-21      98%         5


Dungeon Overview and Level Annotations

Branches:
Dungeon (8/15)             Temple (1/1) D:7          Bailey (1/1)
   Lair: D:8-11

Altars:
Ashenzari
Cheibriados
Dithmenos
Elyvilon
Fedhas
Gozag
Hepliaklqana
Kikubaaqudgha
Makhleb
Okawaru
Qazlal
Ru
Sif Muna
Trog
Uskayaw
Vehumet
Wu Jian
Xom
Yredelemnul
Zin
The Shining One

Shops:
D:2 *


Innate Abilities, Weirdness & Mutations

You are a hulking beast.
Your limbs bulge with bestial killing power. (Slay +3)
You cannot wear most types of armour.
You are amphibious.
You can wear up to eight rings at the same time.
Your skin changes colour to match your surroundings (Stealth+).
Your rubbery body absorbs attacks. (AC +1, EV +1)
You are camouflaged when in or above water. (Stealth+)
You have tentacles for arms and can constrict up to eight enemies at once.


Message History

Press ? for a list of commands and other information.
There is an open door here.
The gnoll shouts!
The gnoll sergeant shouts!
You hear an angry growl.
You hear a shout! x2
There is an open door here.
There is an open gate here.
Things that are here:
a +0 scale mail; a +0 spear
Things that are here:
a +0 scale mail; a +0 halberd
Things that are here:
a +0 chain mail; a +0 halberd You enter the deep water.
You block the gnoll sergeant's attack. The gnoll sergeant misses you.
The gnoll misses you.
You tentacle-slap the gnoll sergeant. Your grab misses the gnoll sergeant.
The gnoll sergeant is lightly wounded.
You block the gnoll sergeant's attack.
The gnoll throws a throwing net.
The throwing net hits you.
You become entangled in the net!
You hear a splash.
You tear a large gash into the net.
The gnoll sergeant misses you. The gnoll closely misses you.
You struggle against the net.
The gnoll sergeant hits you with a +0 halberd!
The gnoll hits you from afar with a +0 trident.
Unknown command.
You shred the net and break free!
The gnoll sergeant hits you with a +0 halberd!
The gnoll throws a throwing net.
The throwing net hits you.
You become entangled in the net!
You hear a splash.
You struggle against the net.
The gnoll sergeant hits you with a +0 halberd!
The gnoll hits you from afar with a +0 trident.
You tear a large gash into the net.
The gnoll sergeant hits you with a +0 halberd!!
* * * LOW HITPOINT WARNING * * *
The gnoll hits you from afar with a +0 trident!
You die...
Your body crumbles into a pile of gold.

♣≈# ##.....## ♣≈#
#.......# ♣≈#
#...8...# ♣≈#
#.......# ♣≈#
##.....## ♣≈#
##[g.## ♣≈# ##'##
♣≈# #...# ♣h##
#...# # ♣≈g# #g.[#
#
♣≈g######g''######
♣≈..[..gg...[..[[.
♣≈≈..[.......[....
♣♣≈≈≈≈≈≈≈...≈≈≈≈≈≈
♣♣...........[..[
♣♣♣..........[♣♣
♣♣♣♣.......♣♣


You could see a gnoll sergeant and a gnoll.

Vanquished Creatures
  Erica (D:8)
  Pikel (D:7)
  Maggie (D:7)
  A wraith (D:5)
  3 water moccasins
  A black bear (D:6)
  2 ice beasts
  A sky beast (D:6)
  2 ogres
  5 wolves (Bailey)
  A lemure (D:7)
  3 bullfrogs
  A kobold brigand (D:7)
  5 gnoll sergeants
  A scorpion (D:5)
  A wight (D:4)
  A howler monkey (D:5)
  3 electric eels (D:7)
  6 gnoll boudas
  6 hounds
  A jelly (D:5)
  An orc priest (D:4)
  A sleepcap (D:6)
  6 iguanas
  4 orc wizards
  30 gnolls
  8 adders
  4 worms
  3 dart slugs
  23 orcs
  6 ball pythons
  5 endoplasms
  12 giant cockroaches
  5 goblins
  7 hobgoblins
  11 kobolds
  4 bats
  5 frilled lizards
  A rat (D:2)
183 creatures vanquished.

Notes
Turn   | Place    | Note
-------+----------+-------------------------------------------
     0 | D:1      | timneilson the Octopode Shapeshifter began the quest for
                  | the Orb.
     0 | D:1      | Reached XP level 1. HP: 13/13 MP: 1/1
   149 | D:1      | Reached XP level 2. HP: 16/18 MP: 2/2
  1088 | D:2      | Reached XP level 3. HP: 23/23 MP: 3/3
  1148 | D:2      | Reached skill level 1 in Stealth
  1196 | D:2      | Found Hunnaul's Assorted Antiques.
  1202 | D:2      | Reached skill level 1 in Spellcasting
  1202 | D:2      | Reached XP level 4. HP: 17/29 MP: 5/5
  2053 | D:3      | Reached XP level 5. HP: 34/34 MP: 6/6
  2798 | D:4      | Reached skill level 1 in Evocations
  2798 | D:4      | Reached XP level 6. HP: 41/41 MP: 7/7
  3642 | D:4      | Reached XP level 7. HP: 23/45 MP: 5/9
  4280 | D:5      | Entered Level 5 of the Dungeon
  4679 | D:5      | Reached XP level 8. HP: 45/53 MP: 9/11
  4875 | D:5      | Found a burning altar of Makhleb.
  4875 | D:5      | Found an opulent altar of Gozag.
  4883 | D:5      | Became a worshipper of Gozag Ym Sagoz the Greedy
  5131 | D:5      | Noticed a wraith
  5151 | D:5      | Killed a wraith
  5152 | D:5      | Reached skill level 5 in Unarmed Combat
  5152 | D:5      | Reached skill level 5 in Shapeshifting
  5777 | D:6      | Reached skill level 5 in Dodging
  5777 | D:6      | Reached XP level 9. HP: 14/59 MP: 11/13
  5817 | D:5      | Reached skill level 5 in Stealth
  6708 | D:6      | Learned a level 1 spell: Apportation
  7149 | D:7      | Noticed Pikel
  7163 | D:7      | Killed Pikel
  7164 | D:7      | Reached skill level 5 in Fighting
  7273 | D:7      | Found a staircase to the Ecumenical Temple.
  7293 | D:7      | Reached skill level 1 in Translocations
  7300 | D:7      | Learned a level 2 spell: Blink
  7303 | D:7      | Learned a level 2 spell: Lesser Beckoning
  7306 | D:7      | Noticed Maggie
  7315 | Temple   | Entered the Ecumenical Temple
  7398 | D:7      | Killed Maggie
  7716 | D:7      | Identified the +0 leather armour of Red the Invisible Hand
                  | {rPois Will+ MP+9 Slay+3}
  8086 | D:8      | Noticed Erica
  8106 | D:8      | Killed Erica
  8107 | D:8      | Reached XP level 10. HP: 32/68 MP: 15/15
  8290 | D:8      | Found a flagged portal.
  8296 | Bailey   | Entered a bailey
  9369 | Bailey   | Slain by a gnoll

Illustrated notes

Levels and vault maps discovered:
D:1:      zelgadis_glass_arrival_small, layout_loops_corners,
          minmay_tiny_reverse_x
D:2:      minmay_roachtagon, layout_basic, serial_shops, shop
D:3:      layout_loops_ring, corexii_hall_statues_s, corexii_shack,
          nicolae_kite_square_tiling_tiny
D:4:      layout_cave_pods, minmay_misc_feat_hallway, chequers_jeans,
          columned_hall_lemuel, minmay_cut_off
D:5:      layout_basic, mainiacjoe_overflow_large_starburst,
          minmay_manual_mandibuliform
D:6:      layout_layer_cave
D:7:      layout_loops_cross, minmay_temple_entry_mini_moons, serial_bayou,
          serial_bayou_pond_a, serial_bayou_pond_c, serial_bayou_pond_a,
          serial_bayou_shore_a, uniq_maggie, uniq_pikel
D:8:      wander_kiku_kobolds, layout_loops_ring, enter_bailey_2, serial_shops,
          nicolae_shop_real_fake_doors, shop, nicolae_shop_tiny_statue_garden,
          nicolae_stop_n_shop_1, uniq_erica, uniq_prince_ribbit1
Temple:   compressed_dpeg_triangle_lava_temple
Bailey:   bailey_polearm_gnolls_kennysheep, bailey

Skill      XL: |  1  2  3  4  5  6  7  8  9 |
---------------+----------------------------+-----
Stealth        | 1 2 3 4 6 |  6.5
Spellcasting   | 1 2 3 |  3.8
Fighting       | 2 3 4 6 |  6.2
Dodging        | 3 4 5 6 |  6.5
Evocations     | 1 2 4 |  4.4
Unarmed Combat | 4 5 6 |  6.8
Shapeshifting  | 4 5 6 |  6.6
Translocations | 2 |  2.4

Action                     |  1- 3 |  4- 6 |  7- 9 | 10-12 || total
---------------------------+-------+-------+-------+-------++-------
  Melee: Unarmed           |    57 |   103 |   211 |    83 ||   454
         Constrict         |    11 |    26 |    50 |    19 ||   106
         Tentacles         |    11 |    25 |    70 |    25 ||   131
         Punch             |     1 |     2 |    11 |     3 ||    17
  Evoke: Wand              |       |       |     7 |     7 ||    14
    Use: Scroll            |     3 |     7 |     6 |       ||    16
         Potion            |       |       |     2 |     1 ||     3
   Stab: Sleeping          |     3 |     9 |     3 |       ||    15
         Distracted        |       |       |       |     1 ||     1
 Armour: Skin              |    18 |    53 |   100 |    42 ||   213
  Dodge: Dodged            |    23 |    35 |    92 |    54 ||   204
  Block: Other             |       |       |    25 |    27 ||    52

Table legend: (Time is in decaauts)
 A = Elapsed time spent in this place.
 B = Non-inter-level travel time spent in this place.
 C = Inter-level travel time spent in this place.
 D = Time resting spent in this place.
 E = Time spent auto-exploring this place.
 F = Levels seen in this place.
 G = Mean time per level.
                   A        B        C        D        E       F      G
               +--------+--------+--------+--------+--------+-----+--------+
         Total |   9382 |   9066 |    316 |   2270 |   4415 |  10 |  938.2 |
       Dungeon |   8317 |   8001 |    316 |   1715 |   4410 |   8 | 1039.6 |
        Temple |      1 |      1 |      0 |      0 |      0 |   1 |    1.0 |
        Bailey |   1063 |   1063 |      0 |    555 |      5 |   1 | 1063.0 |
               +--------+--------+--------+--------+--------+-----+--------+

Top non-repeatable levels by time:
     D:5: 1714 daAuts
     D:4: 1499 daAuts
  Bailey: 1063 daAuts
     D:6: 1024 daAuts
     D:1: 1005 daAuts
     D:7: 988 daAuts
     D:2: 955 daAuts
     D:3: 885 daAuts
     D:8: 244 daAuts
  Temple: 1 daAuts
